Match 46283995
Unlisted

Match 46283995
End
Pioneer Squad
Pioneer Squad
Construct Infanterie Kompanie
Selects Breakthrough Battlegroup
Selects Assault Grenadiers
Grenadier Squad
Grenadier Squad
Grenadier Squad
Construct Luftwaffe Kompanie
Selects Rapid Production
221 Scout Car
Selects Breakthrough
Medical Station
Breakthrough
Jäger Squad
Medical Bunker
Construct Panzer Kompanie
Breakthrough
Sturmpanzer IV Brummbär
Selects Blitzkrieg
Stoßtruppen Squad
Selects Incendiary Bombing Run
Panzer IV Medium Tank
Panzer Officer Quarters
Breakthrough
Panzer IV Medium Tank
oziligath
mrce
0
0

Comments sign in to comment!

No comments posted yet!